 Dungeon Crawl Stone Soup version 0.26-a0-451-gacbe401039 (webtiles) character file.

Game seed: 14541375425042105898

1052 DeltaSign the Cleaver (level 8, -12/70 HPs)
             Began as a Minotaur Berserker on July 28, 2020.
             Was an Elder of Trog.
             Killed by divine providence
             ... invoked by an orc priest
              (16 damage)
             ... on level 7 of the Dungeon.
             The game lasted 00:08:55 (3733 turns).

DeltaSign the Cleaver (Minotaur Berserker)          Turns: 3733, Time: 00:08:55

Health: -12/70     AC: 13    Str: 21    XL:     8   Next: 5%
Magic:  7/7        EV: 10    Int:  4    God:    Trog [****..]
Gold:   128        SH:  0    Dex: 13    Spells: 7/7 levels left

rFire    . . .     SeeInvis .   a - +0 hand axe
rCold    . . .     Faith    .   (no shield)
rNeg     + . .     Spirit   .   s - +0 chain mail
rPois    .         Reflect  .   (helmet restricted)
rElec    .         Harm     .   t - +2 cloak
rCorr    .                      (no gloves)
MR       .....                  (no boots)
Stlth    ..........             (no amulet)
HPRegen  0.21/turn              m - ring of flight
MPRegen  0.10/turn              i - ring of positive energy

@: mighty, berserk cooldown
A: retaliatory headbutt, horns 2
a: Berserk, Trog's Hand, Brothers in Arms, Renounce Religion, Evoke Flight


You were on level 7 of the Dungeon.
You worshipped Trog.
Trog was greatly pleased with you.
You visited 1 branch of the dungeon, and saw 5 of its levels.
You also visited: Sewer.

You collected 128 gold pieces.

Inventory:

Hand Weapons
 a - a +0 hand axe (weapon)
Armour
 s - a +0 chain mail (worn)
 t - a +2 cloak (worn)
Jewellery
 c - an uncursed ring of ice
 e - an uncursed ring of protection from fire {unknown}
 i - a ring of positive energy (right hand)
 m - a ring of flight (left hand)
Scrolls
 d - a scroll of identify
 f - a scroll of enchant weapon
 n - 3 scrolls of remove curse
 o - 2 scrolls of teleportation
 r - a scroll of fear
Potions
 b - 6 potions of might
 g - a potion of berserk rage {unknown}
 h - 2 potions of lignification {unknown}
 j - a potion of haste {unknown}
 k - 5 potions of stabbing {unknown}
 l - 10 potions of curing {unknown}
 p - 3 potions of heal wounds {unknown}
 q - a potion of flight {unknown}


   Skills:
 + Level 6.1 Fighting
 * Level 8.1 Axes
 + Level 5.4 Armour
 + Level 5.0 Dodging


You had 7 spell levels left.
You didn't know any spells.
Your spell library was empty.

Dungeon Overview and Level Annotations

Branches:
Dungeon (4/15)              Sewer (visited)
 Temple: D:4-7

Altars:

Shops:
D:4 =*

Annotations:
D:7 Maggie


Innate Abilities, Weirdness & Mutations

You reflexively headbutt those who attack you in melee.
You have a pair of horns on your head.


Message History

Something hits you but does no damage.
You miss something. Something hits you. Something hits you but does no damage.
You hit something but do no damage. You barely miss the orc priest.
You feel yourself speed up. Something hits you but does no damage.
The orc priest invokes the aid of Beogh against you.
Beogh smites you!
* * * LOW HITPOINT WARNING * * *
Something hits you.
* * * LOW HITPOINT WARNING * * *
Maggie gestures at you while chanting. The bolt of fire hits you!
* * * LOW HITPOINT WARNING * * *
The orc hits you from afar with a +0 trident.
* * * LOW HITPOINT WARNING * * *
You feel very mighty all of a sudden. Something hits you but does no damage.
The orc priest calls down the wrath of Beogh upon you.
Beogh smites you!
You die...

## # .# ##.
.###.## ##
.#... ..
#.#.######.####
#.#.#..........
#@{@F)W.#
##o#)##.#
##o......
#.#o...#..#
#..........#
... .♣..♣...#
#..... ......#
#?. ♣. ....♣.


You could see Maggie, a phantom, a bullfrog, an orc priest and 2 orcs.

Vanquished Creatures
  An ice beast (D:7)
  A phantom (D:4)
  A centaur (D:7)
  2 bullfrogs (D:7)
  2 howler monkeys (D:7)
  3 hounds
  A bullfrog skeleton (D:4)
  3 orc priests
  A jelly (D:7)
  2 orc wizards
  Natasha (thrice) (D:2)
  5 adders
  6 river rats
  An ooze (Sewer)
  2 dart slugs
  2 leopard geckos
  5 orcs
  3 giant cockroaches
  8 goblins
  8 hobgoblins
  5 jackals (D:3)
  2 quokkas
  4 ball pythons
  6 bats
  5 frilled lizards
  23 kobolds
  30 rats
135 creatures vanquished.

Notes
Turn   | Place    | Note
-------+----------+-------------------------------------------
     0 | D:1      | DeltaSign the Minotaur Berserker began the quest for the
                  | Orb.
     0 | D:1      | Reached XP level 1. HP: 19/19 MP: 0/0
   335 | D:1      | Reached XP level 2. HP: 27/27 MP: 1/1
   412 | D:1      | Reached skill level 4 in Axes
   938 | D:2      | Noticed Natasha
   943 | D:2      | Killed Natasha
   943 | D:2      | Reached XP level 3. HP: 32/33 MP: 2/2
  1075 | D:2      | Reached ** piety under Trog
  1241 | D:2      | Noticed Natasha
  1247 | D:2      | Killed Natasha
  1247 | D:2      | Reached XP level 4. HP: 33/40 MP: 3/3
  1432 | D:2      | Noticed Natasha
  1444 | D:2      | Killed Natasha
  1444 | D:2      | Reached skill level 5 in Axes
  2159 | D:3      | Reached XP level 5. HP: 38/47 MP: 4/4
  2162 | D:3      | Found a glowing drain.
  2175 | Sewer    | Entered a sewer
  2509 | Sewer    | Reached *** piety under Trog
  3114 | D:3      | Reached XP level 6. HP: 52/53 MP: 5/5
  3502 | D:4      | Reached skill level 6 in Axes
  3534 | D:4      | Found Vemnisui's Jewellery Shop.
  3537 | D:4      | Reached skill level 5 in Fighting
  3666 | D:4      | Found Jafaasmo's General Store.
  3676 | D:4      | You fall into a shaft and drop 3 floors!
  3683 | D:7      | Reached XP level 7. HP: 43/61 MP: 6/6
  3689 | D:7      | Reached skill level 7 in Axes
  3690 | D:7      | Reached **** piety under Trog
  3696 | D:7      | Reached skill level 5 in Armour
  3720 | D:7      | Reached skill level 8 in Axes
  3720 | D:7      | Reached skill level 5 in Dodging
  3720 | D:7      | Reached XP level 8. HP: 26/70 MP: 7/7
  3727 | D:7      | Noticed Maggie
  3733 | D:7      | Killed from afar by an orc priest

Illustrated notes

Levels and vault maps discovered:
D:1:      nicolae_arrival_somewhat_less_tricky_arrival, layout_loops_corners
D:2:      layout_basic, nrook_mini_vaults, kennysheep_pointless_box,
          uniq_natasha
D:3:      layout_basic, portal_sewer_entry_b
D:4:      minmay_recursive_quarters, layout_basic, kennysheep_ying_yang,
          eat_drink_and_be_merry_uskayaw, serial_shops, shop, shop,
          nicolae_shop_behind_doors, shop, minmay_starry_boxes, uniq_duvessa,
          uniq_sigmund, uniq_eustachio
D:7:      layout_loops_ring, kennysheep_mini_moat, serial_shops,
          nicolae_shop_stone, minmay_misc_feat_plants, uniq_maggie

Skill      XL: |  1  2  3  4  5  6  7 |
---------------+----------------------+-----
Axes           | 4 5 6 8 |  8.1
Fighting       | 4 5 6 |  6.1
Armour         | 3 4 5 |  5.4
Dodging        | 3 4 5 |  5.0

Action                   |  1- 3 |  4- 6 |  7- 9 || total
-------------------------+-------+-------+-------++-------
Melee: Hand axe          |    66 |   202 |    44 ||   312
       Headbutt          |     9 |    25 |    10 ||    44
Invok: Berserk           |       |     1 |     1 ||     2
  Use: Scroll            |     2 |     3 |       ||     5
       Potion            |       |       |     1 ||     1
Armor: Ring mail         |    18 |    40 |       ||    58
       Chain mail        |       |    38 |    37 ||    75
Dodge: Dodged            |    44 |   126 |    18 ||   188

Table legend: (Time is in decaauts)
 A = Elapsed time spent in this place.
 B = Non-inter-level travel time spent in this place.
 C = Inter-level travel time spent in this place.
 D = Time resting spent in this place.
 E = Time spent auto-exploring this place.
 F = Levels seen in this place.
 G = Mean time per level.
                   A        B        C        D        E       F      G
               +--------+--------+--------+--------+--------+-----+--------+
         Total |   3770 |   3639 |    131 |    493 |   2458 |   6 |  628.3 |
       Dungeon |   3006 |   2875 |    131 |    302 |   2067 |   5 |  601.2 |
         Sewer |    764 |    764 |      0 |    191 |    390 |   1 |  764.0 |
               +--------+--------+--------+--------+--------+-----+--------+

Top non-repeatable levels by time:
     D:2: 1188 daAuts
     D:1: 923 daAuts
   Sewer: 764 daAuts
     D:3: 618 daAuts
     D:4: 218 daAuts
     D:7: 57 daAuts
